 Dungeon Crawl Stone Soup version 0.28.0-53-g5a82cb258f (webtiles) character file.

Game seed: 6433363259027884478

11 jjjjhere the Sneak (level 2, -2/24 HPs)
             Began as a Formicid Delver on July 29, 2022.
             Slain by a black bear (3 damage)
             ... on level 5 of the Dungeon.
             The game lasted 00:00:55 (153 turns).

jjjjhere the Sneak (Formicid Delver)                 Turns: 153, Time: 00:00:55

Health: -2/24      AC:  8    Str: 16    XL:     2   Next: 40%
Magic:  2/2        EV:  7    Int:  9    God:
Gold:   11         SH:  0    Dex: 12    Spells: 1/1 levels left

rFire   . . .      SeeInvis +   a - +0 spear
rCold   . . .      Faith    .   (no shield)
rNeg    . . .      Spirit   .   h - +0 chain mail
rPois   .          Reflect  .   (helmet unavailable)
rElec   .          Harm     .   (no cloak)
rCorr   .          Rampage  .   (no gloves)
Will    .....                   (no boots)
Stlth   ..........              (no amulet)
HPRegen 0.08/turn               (no ring)
MPRegen 0.08/turn               (no ring)

@: no status effects
A: permanent stasis, dig shafts and tunnels, antennae 3, four strong arms
a: Dig, Shaft Self


You were on level 5 of the Dungeon.
You visited 1 branch of the dungeon, and saw 2 of its levels.

You collected 11 gold pieces.

Inventory:

Hand Weapons
 a - a +0 spear (weapon)
Armour
 b - a +0 leather armour
 h - a +0 chain mail (worn)
Wands
 f - a wand of digging (3)
Scrolls
 c - a scroll of fog
 d - a scroll of magic mapping


   Skills:
 + Level 3.5 Fighting
 + Level 2.2 Polearms
 + Level 2.0 Dodging
 + Level 6.2 Stealth


You had one spell level left.
You didn't know any spells.
Your spell library was empty.

Dungeon Overview and Level Annotations

Branches:
Dungeon (5/15)
 Temple: D:4-7

Altars:


Innate Abilities, Weirdness & Mutations

You cannot be hasted, slowed, berserked, paralysed or teleported.
You can dig through walls and to a lower floor.
You have a pair of large antennae on your head. (SInv)
Your four strong arms can wield two-handed weapons with a shield.


Message History

You aren't carrying any potions.
As you read the scroll labelled YSAUNUBROM, it crumbles to dust.
It is a scroll of identify.
You don't have any unidentified items.
The gnoll hits you from afar with a +0 spear.
You are too injured to fight recklessly!
As you read the scroll of fear, it crumbles to dust.
You assume a fearsome visage.
The gnoll shaman looks frightened!
The gnoll looks frightened! x3
A gnoll comes into view. It is wielding a +0 flail.
You are too injured to fight recklessly!
The gnoll shouts!
Cornered, the gnoll turns to fight!
You hit the gnoll.
The gnoll is heavily wounded.
The gnoll hits you but does no damage.
You hit the gnoll but do no damage.
The gnoll is heavily wounded.
The gnoll hits you with a +0 spear.
Cornered, the gnoll shaman turns to fight!
You completely miss the gnoll.
The gnoll is heavily wounded.
The gnoll hits you with a +0 spear.
* * * LOW HITPOINT WARNING * * *
You hit the gnoll.
The gnoll is heavily wounded.
The gnoll hits you but does no damage.
The gnoll hits you from afar with a +0 spear.
* * * LOW HITPOINT WARNING * * *
Items here: )) ††.
The gnoll shaman calls upon its god to heal the gnoll.
The gnoll is healed somewhat.
The gnoll barely misses you.
There is a stone staircase leading down here.
The gnoll shaman calls upon its god to heal the gnoll.
The gnoll's wounds heal themselves!
The gnoll barely misses you.
You climb downwards.
The black bear bites you.
* * * LOW HITPOINT WARNING * * *
The black bear claws you.
You die...

#........# #......#
#...# ##....#.# #...#
#...h##.# ######...#
.....##.# #....#...###
......#.###.##.#.....
.......#.##.##.#.#.#
......###......h...#
.......#.##.##..@..#
......#.###.##...Y...(..
.........>..##.....##.##
........#######...##
####......... ......
##################


You could see a black bear and a sky beast.

Vanquished Creatures
  A gnoll (D:4)
  A goblin (D:4)
  A ball python (D:4)
3 creatures vanquished.

Notes
Turn   | Place    | Note
-------+----------+-------------------------------------------
     0 | D:5      | jjjjhere the Formicid Delver began the quest for the Orb.
     0 | D:5      | Reached XP level 1. HP: 18/18 MP: 1/1
    83 | D:5      | Noticed a black bear
   108 | D:5      | Noticed a sky beast
   122 | D:4      | Reached XP level 2. HP: 24/24 MP: 2/2
   147 | D:4      | HP: 7/24 [gnoll/+0 spear (2)]
   153 | D:5      | HP: 1/24 [black bear (6)]
   153 | D:5      | Slain by a black bear

Illustrated notes

Levels and vault maps discovered:
D:4:      kb_forest_paths, layout_basic
D:5:      layout_loops_ring

Skill      XL: |  1 |
---------------+----+-----
Dodging        | 2 |  2.0
Fighting       | |  3.5
Polearms       | |  2.2
Stealth        | |  6.2

Action                   || total
-------------------------++-------
Melee: Spear             ||    21
  Use: Scroll            ||     2
Armor: Chain mail        ||     9
Dodge: Dodged            ||     5
